Kradschützen Motorcycle Team
Selects Italian Combined Arms Battlegroup
Selects Bersaglieri Squad
Construct Light Support Kompanie
Construct Mechanized Kompanie
Marder III Tank Destroyer
Selects Semovente da 75/18 Assault Gun
Pak 38 Anti-tank Gun Team
Semovente da 75/18 Assault Gun
Pak 38 Anti-tank Gun Team
Semovente da 75/18 Assault Gun
Selects Vehicle Support - Secure Location
Selects Vehicle Support - Force Recon
Construct Panzerarmee Kommand